 Dungeon Crawl Stone Soup version 0.22-a0-42-g002c468 (webtiles) character file.

93303 KKRT the Unseen (level 15, -25/110 HPs)
             Began as a Vampire Assassin on Jan 1, 2018.
             Was a Follower of Uskayaw.
             Killed from afar by a merfolk aquamancer (35 damage)
             ... with a shard of ice
             ... on level 1 of the Shoals on Jan 5, 2018.
             The game lasted 07:37:22 (42900 turns).

KKRT the Unseen (Vampire Assassin)                 Turns: 42900, Time: 07:37:23

Health: -25/110    AC: 11    Str: 12    XL:     15   Next: 60%
Magic:  31/31      EV: 18    Int: 16    God:    Uskayaw [*.....]
Gold:   1857       SH:  6    Dex: 22    Spells: 0/19 levels left

rFire    . . .     SeeInvis +   U - +2 dagger (elec)
rCold    + . .     Gourm    .   a - +0 buckler
rNeg     + + .     Faith    +   f - +1 ring mail "Nefyun" {rC- MR+ rCorr Stlth+}
rPois    +         Spirit   .   y - +1 helmet {SInv}
rElec    .         Reflect  .   X - scarf {rC+ rF+}
rCorr    +         Harm     .   B - +2 pair of gloves of Anaesthesia {rF- rCorr MP+9}
MR       +++..                  (no boots)
Stlth    +++++++++.             w - amulet of faith {!P}
HPRegen  0.14/turn              J - +4 ring of slaying
MPRegen  0.22/turn              W - ring "Nyinuhu" {MR+ Dex+4 Stlth+}

@: very slightly contaminated, regenerating slowly
A: fangs 3, see invisible, unbreathing
a: Bat Form, Stomp, Renounce Religion


You were on level 1 of the Shoals.
You worshipped Uskayaw.
Uskayaw was aware of your devotion.
You were thirsty.

You visited 6 branches of the dungeon, and saw 26 of its levels.
You also visited: Labyrinth and Ice Cave.

You collected 3351 gold pieces.
You spent 1494 gold pieces at shops.

Inventory:

Hand Weapons
 b - a +4 blowgun
 D - the +3 scimitar of Poverty {slice, MR+ Dex+2 Stlth+}
   (You found it in an ice cave)

   It inflicts extra damage upon your enemies.
   It affects your dexterity (+2).
   It affects your resistance to hostile enchantments.
   It makes you more stealthy.
 P - the +1 fustibalus of Xalurida {freeze, rF+ Str+3 Dex+6 SInv}
   (You found it on level 5 of the Lair of Beasts)

   It causes projectiles fired from it to freeze those they strike, causing
   extra injury to most foes and up to half again as much damage against
   particularly susceptible opponents.
   They can also slow down cold-blooded creatures.
   It affects your strength (+3).
   It affects your dexterity (+6).
   It protects you from fire.
   It lets you see invisible.
 U - a +2 dagger of electrocution (weapon)
   (You took it off an orc wizard on level 10 of the Dungeon)
Missiles
 g - 139 sling bullets
 i - 37 tomahawks (quivered)
 r - 2 poisoned tomahawks
 z - a throwing net {!f}
 E - 59 poisoned needles
Armour
 a - a +0 buckler (worn)
   (You found it on level 4 of the Lair of Beasts)
 f - the +1 ring mail "Nefyun" (worn) {rC- MR+ rCorr Stlth+}
   (You found it in a labyrinth)

   It makes you vulnerable to cold.
   It affects your resistance to hostile enchantments.
   It protects you from acid and corrosion.
   It makes you more stealthy.
 y - a +1 helmet of see invisible (worn)
   (You found it on level 3 of the Dungeon)
 B - the +2 pair of gloves of Anaesthesia (worn) {rF- rCorr MP+9}
   (You found it on level 4 of the Lair of Beasts)

   It makes you vulnerable to fire.
   It affects your magic capacity (+9).
   It protects you from acid and corrosion.
 I - a +2 pair of gloves
   (You found it on level 12 of the Dungeon)
 X - a scarf of resistance (worn)
   (You found it on level 11 of the Dungeon)
Magical Staves
 p - an uncursed staff of wizardry {!a}
   (You found it in a labyrinth)
Jewellery
 e - an uncursed ring of protection from fire
   (You found it on level 7 of the Dungeon)
 w - an amulet of faith (around neck) {!P}
   (You bought it in a shop on level 2 of the Orcish Mines)
 J - a +4 ring of slaying (left hand)
   (You took it off a centaur on level 6 of the Dungeon)
 W - the ring "Nyinuhu" (right hand) {MR+ Dex+4 Stlth+}
   (You found it on level 11 of the Dungeon)

   [ring of dexterity]

   It affects your dexterity (+4).
   It affects your resistance to hostile enchantments.
   It makes you more stealthy.
Wands
 c - a wand of disintegration (16)
   (You found it on level 4 of the Dungeon)
 d - a wand of iceblast (21)
   (You found it on level 13 of the Dungeon)
 t - a wand of flame (23)
   (You found it on level 1 of the Shoals)
 u - a wand of paralysis (34)
   (You took it off Ijyb on level 5 of the Dungeon)
 x - a wand of acid (10)
   (You bought it in a shop on level 2 of the Orcish Mines)
Scrolls
 k - 3 scrolls of magic mapping
 l - 3 scrolls of immolation {!r}
 o - 7 scrolls of teleportation {@r4}
 A - a scroll of acquirement
 F - 3 scrolls of fog
 K - a scroll of enchant armour
 N - a scroll of fear
 S - 6 scrolls of identify {@r1}
Potions
 j - 2 potions of might
 q - 4 potions of blood {@q0}
 s - 4 potions of curing {@q1}
 v - a potion of magic
 G - 2 potions of cancellation
 H - 6 potions of haste {@q3}
 L - 4 potions of mutation {!q}
 M - 5 potions of brilliance
 O - 2 potions of agility
 Q - 2 potions of resistance
 R - a potion of flight
 Z - 2 potions of berserk rage
Books
 m - a book of Maledictions
   (You found it in a labyrinth)


   Skills:
 * Level 8.2 Fighting
 - Level 7.7(10.0) Short Blades
 - Level 9.1(10.1) Long Blades
 + Level 9.9 Throwing
 - Level 10.0 Dodging
 - Level 16.0 Stealth
 - Level 4.0 Shields
 - Level 2.8 Spellcasting
 - Level 3.0 Conjurations
 + Level 6.3 Hexes
 - Level 2.0 Translocations
 - Level 6.0 Transmutations
 - Level 5.0 Fire Magic
 - Level 2.0 Air Magic
 - Level 5.0 Poison Magic
 + Level 10.3 Invocations


You couldn't memorise any spells.
You knew the following spells:

 Your Spells              Type           Power        Failure   Level  Hunger
a - Ignite Poison         Fire/Tmut/Pois ###.....     14%         3    ###....
b - Blink                 Tloc           N/A          28%         2    ##.....
c - Ensorcelled Hibernat  Hex/Ice        ##....       19%         2    ##.....
d - Conjure Flame         Conj/Fire      ###.....     26%         3    ###....
e - Tukima's Dance        Hex            ###.....     10%         3    ###....
f - Mephitic Cloud        Conj/Pois/Air  ##......     32%         3    ###....
x - Confuse               Hex            ###.....     10%         3    ###....


Dungeon Overview and Level Annotations

Branches:
Dungeon (15/15)            Temple (1/1) D:4            Lair (6/6) D:11
 Shoals (1/4) Lair:4       Spider (1/4) Lair:3        Slime (0/5) Lair:5
    Orc (2/2) D:10            Elf (0/3) Orc:2        Vaults (0/5) D:14
 Depths (0/5) D:15

Altars:
Ashenzari
Cheibriados
Dithmenos
Elyvilon
Fedhas
Gozag
Hepliaklqana
Kikubaaqudgha
Makhleb
Nemelex Xobeh
Okawaru
Qazlal
Ru
Sif Muna
Trog
Uskayaw
Vehumet
Wu Jian
Xom
Yredelemnul
Zin
The Shining One
Jiyva

Shops:
D:5 [   D:7 (   D:11 }   D:15 ?   Orc:1 *   Orc:2 =*[%   Shoals:1 *

Portals:
Trove: D:10 (show abyssal rune of Zot)

Annotations:
D:5 exclusion: downstairs
D:6 exclusion: downstairs
Lair:1 exclusion: oklob plant


Innate Abilities, Weirdness & Mutations

You heal slowly.
You have razor-sharp teeth.
You have supernaturally acute eyesight. (SInv)
You can survive without breathing.


Message History

The water elemental misses you.
As you read the scroll of teleportation {@r4}, it crumbles to dust.
You feel strangely unstable.
You block the merfolk aquamancer's attack.
The water elemental hits you!
* * * LOW HITPOINT WARNING * * *
The water elemental closely misses you.
You feel much better.
The merfolk aquamancer barely misses you.
The water elemental hits you.
* * * LOW HITPOINT WARNING * * *
The water elemental misses you.
Aim: a water elemental (moderately damaged)
Okay, then.
Aim: a water elemental (moderately damaged)
The puff of flame hits the water elemental.
The water elemental is burned terribly!
The merfolk aquamancer casts a spell at you.
The shard of ice misses you.
The water elemental is engulfed in a cloud of scalding steam.
The water elemental hits you!
* * * LOW HITPOINT WARNING * * *
You block the water elemental's attack.
Okay, then.
You don't know that spell.
Okay, then.
Here: a water elemental Some shallow water.
Blink to where?
You are very lightly contaminated with residual magic.
As you read the scroll of blinking, it crumbles to dust.
The water engulfing you falls away.
You enter the shallow water.
Moving in this stuff is going to be slow.
Your surroundings suddenly seem different.
A water elemental comes into view.
Splash!
You fall into the shallow water.
Moving in this stuff is going to be slow.
The water nymph shouts!
The water elemental closely misses you.
The merfolk aquamancer gestures at you while chanting.
The ball of steam hits you!
* * * LOW HITPOINT WARNING * * *
Okay, then.
Blink to where?
As you read the scroll of blinking, it crumbles to dust.
The merfolk aquamancer points at you and mumbles some strange words.
The shard of ice hits you! You partially resist.
You die...

..≈.≈≈≈≈≈≈≈≈≈P.....##...≈≈≈≈
#.≈.≈≈≈≈≈≈≈≈≈≈≈.≈.......≈≈≈≈
....≈≈≈≈≈≈≈≈PP≈≈≈≈.≈≈≈..≈≈≈≈
≈...≈≈≈≈≈≈≈PP≈P≈≈≈≈≈≈....≈≈≈≈≈≈≈≈
≈.....≈≈≈≈P≈≈P≈≈≈≈≈≈≈≈....≈≈≈≈≈≈≈
≈.......≈≈≈≈≈≈≈≈≈..≈P≈.# ..≈≈≈≈≈≈
≈......∩....≈≈≈.....≈≈.###.≈≈≈≈≈≈
≈................##.≈≈.##..≈≈≈≈≈≈
≈......)m.E.....@.#....##..≈≈≈≈≈≈
m.............###.≈≈≈..###..≈≈≈≈≈
.≈§........m..# ##<≈≈......).≈≈≈≈
≈≈§..(........####........%..≈≈≈≈
≈≈§§.##.........##........[...≈≈≈
≈≈.§.###...........#......≈≈≈≈≈≈≈
≈≈.§.##....≈≈≈.....###..#.≈≈≈≈≈≈≈
....###.≈≈...≈.....###.......≈≈≈≈
.......≈≈≈≈..≈≈....##...>.≈≈≈≈≈≈≈


You could see a merfolk aquamancer and a water elemental.

Vanquished Creatures
  Gastronok (Lair:3)
  Frances (D:14)
  The ghost of CLM the Eye of the Storm, an adept DsFi of Qazlal (Shoals:1)
  A frost giant (IceCv)
  A ghost moth (Spider:1)
  Louise (D:15)
  Josephine (Shoals:1)
  A fire dragon (Lair:5)
  A minotaur (Lab)
  5 hydras
  An ice dragon (D:13)
  A catoblepas (Lair:6)
  4 vault guards (D:14)
  A merfolk avatar (Shoals:1)
  3 centaur warriors
  5 death yaks
  3 two-headed ogres
  A death knight (D:14)
  A shock serpent (shapeshifter) (D:15)
  4 orc high priests
  Nergalle (Lair:2)
  3 unseen horrors
  A glowing orange brain (D:15)
  Pikel (D:8)
  4 harpies (Shoals:1)
  3 orc sorcerers (Orc:2)
  3 orb spiders
  4 oklob plants (Lair:5)
  A faun (Shoals:1)
  5 manticores
  A cyclops (Orc:2)
  3 ugly things
  A deep elf mage (D:13)
  7 slime creatures
  5 orc knights
  A merfolk siren (Shoals:1)
  A black mamba (shapeshifter) (D:13)
  A shining eye (shapeshifter) (D:15)
  5 black mambas
  A centaur zombie (D:13)
  3 torpor snails
  4 gargoyles
  6 spiny frogs
  3 rime drakes
  A demonic crawler (Lair:3)
  An efreet (D:13)
  6 komodo dragons
  A tengu conjurer (D:15)
  2 merfolk (Shoals:1)
  A queen bee (shapeshifter) (D:15)
  6 trolls
  A wolf spider simulacrum (D:15)
  Prince Ribbit (D:7)
  A meliai zombie (D:14)
  20 polar bears
  4 dream sheep (Lair:4)
  A harpy skeleton (D:14)
  2 snapping turtles
  7 hippogriffs
  A spriggan (D:7)
  6 wraiths
  Sigmund (D:4)
  2 tarantellas (Spider:1)
  2 redbacks (Spider:1)
  A water elemental (Shoals:1)
  4 wyverns
  60 yaks
  4 basilisks
  A basilisk (shapeshifter) (D:15)
  3 hungry ghosts
  Edmund (D:5)
  3 wargs
  3 acid dragons
  7 water moccasins
  9 porcupines
  Duvessa (D:5)
  25 orc warriors
  6 ice beasts
  4 slaves
  3 black bears
  A sky beast (D:12)
  An eye of draining (D:14)
  11 ogres
  3 phantoms
  16 wolves
  9 centaurs
  14 crocodiles
  2 big kobolds
  16 bullfrogs
  A gnoll sergeant (D:9)
  An earth elemental (Lab)
  A wyvern skeleton (D:14)
  Dowan (D:5)
  6 scorpions
  6 killer bees
  5 howler monkeys
  5 wights (D:12)
  An electric eel (Lair:4)
  7 crimson imps
  4 lava snakes (Lab)
  2 quasits
  21 orc priests
  6 centaur skeletons
  3 hounds
  4 jellies
  3 bullfrog skeletons
  4 iguanas
  29 orc wizards
  Ijyb (D:5)
  9 worker ants
  A hound skeleton (D:8)
  A howler monkey zombie (D:5)
  A worker ant zombie (D:7)
  10 gnolls
  2 howler monkey skeletons
  12 adders
  5 shadow imps
  2 oozes
  4 worms
  3 dart slugs
  13 leopard geckos
  77 orcs
  5 giant cockroaches
  4 goblins
  4 hobgoblins
  12 jackals
  6 quokkas
  3 ball pythons
  11 bats
  11 frilled lizards
  A jackal skeleton (D:6)
  A jackal zombie (D:5)
  16 kobolds
  A quokka skeleton (D:4)
  5 rats
  2 plants
714 creatures vanquished.

Vanquished Creatures (others)
  A polar bear (IceCv)
  A yak (IceCv)
  A wolf (IceCv)
  An orc priest (D:13)
  A giant cockroach (D:2)
  A jackal (D:2)
  A fungus (Lair:3)
  3 plants
10 creatures vanquished.

Grand Total: 724 creatures vanquished

Notes
Turn   | Place    | Note
-------+----------+-------------------------------------------
     0 | D:1      | KKRT the Vampire Assassin began the quest for the Orb.
     0 | D:1      | Reached XP level 1. HP: 16/16 MP: 1/1
   644 | D:1      | Reached skill level 6 in Stealth
   754 | D:1      | Reached XP level 2. HP: 22/22 MP: 2/2
  1444 | D:2      | Reached XP level 3. HP: 27/27 MP: 3/3
  1531 | D:2      | Found a faded altar of an unknown god.
  1542 | D:2      | Found a sparkling altar of Nemelex Xobeh.
  2070 | D:2      | Found a snail-covered altar of Cheibriados.
  2125 | D:2      | Reached XP level 4. HP: 24/33 MP: 4/4
  2292 | D:2      | Found a radiant altar of Vehumet.
  3691 | D:2      | Reached skill level 7 in Stealth
  4762 | D:3      | Reached XP level 5. HP: 38/38 MP: 5/5
  5463 | D:4      | Found a staircase to the Ecumenical Temple.
  5463 | D:4      | Noticed Sigmund
  5545 | D:4      | Killed Sigmund
  5545 | D:4      | Reached XP level 6. HP: 37/44 MP: 6/6
  5594 | D:4      | Found a glowing drain.
  5959 | Temple   | Entered the Ecumenical Temple
  6100 | D:4      | Reached skill level 8 in Stealth
  6172 | D:4      | Reached skill level 5 in Short Blades
  6935 | D:4      | Reached XP level 7. HP: 50/50 MP: 7/7
  7797 | D:5      | Entered Level 5 of the Dungeon
  7797 | D:5      | Noticed Ijyb
  7802 | D:5      | Killed Ijyb
  7916 | D:5      | Found a hazy altar of Hepliaklqana.
  8035 | D:5      | Noticed Edmund
  8316 | D:5      | Noticed Dowan
  8322 | D:5      | Noticed Duvessa
  8342 | D:5      | Killed Dowan
  8342 | D:5      | Reached skill level 9 in Stealth
  8577 | D:5      | Reached XP level 8. HP: 56/56 MP: 8/8
  8871 | D:5      | Killed Duvessa
  8871 | D:5      | Reached skill level 1 in Long Blades
  9679 | D:5      | Found a shattered altar of Ashenzari.
 10037 | D:5      | Killed Edmund
 10052 | D:5      | Found Ibla's Antique Armour Shop.
 10162 | D:5      | Reached skill level 5 in Dodging
 10340 | D:6      | Found an opulent altar of Gozag.
 10364 | D:6      | Reached skill level 10 in Stealth
 10440 | D:6      | Reached XP level 9. HP: 61/61 MP: 9/9
 10606 | D:6      | Found a glowing golden altar of the Shining One.
 11868 | D:6      | Reached skill level 5 in Long Blades
 13086 | D:7      | Noticed Prince Ribbit
 13581 | D:6      | Reached skill level 5 in Throwing
 14008 | D:5      | Bought a shiny ring mail for 147 gold pieces
 14201 | D:7      | Reached skill level 11 in Stealth
 14337 | D:7      | Killed Prince Ribbit
 14674 | D:7      | Found Dieduomi's Weapon Emporium.
 14716 | D:7      | Bought 6 poisoned tomahawks for 84 gold pieces
 14853 | D:7      | Reached XP level 10. HP: 67/67 MP: 10/10
 15543 | D:8      | Found a deep blue altar of Sif Muna.
 15796 | D:8      | Noticed Pikel
 16110 | D:8      | Found a glowing silver altar of Zin.
 16113 | D:8      | Found an ancient bone altar of Kikubaaqudgha.
 16113 | D:8      | Found a basalt altar of Yredelemnul.
 16116 | D:8      | Found an iron altar of Okawaru.
 16185 | D:8      | Killed Pikel
 16249 | D:8      | Found a hide-covered altar of Uskayaw.
 16259 | D:8      | Became a worshipper of Uskayaw the Reveler
 16489 | D:8      | Reached * piety under Uskayaw
 16538 | D:9      | Reached ** piety under Uskayaw
 16547 | D:9      | Reached skill level 12 in Stealth
 16587 | D:9      | Reached *** piety under Uskayaw
 16783 | D:9      | Reached **** piety under Uskayaw
 16918 | D:9      | Found a bloodstained altar of Trog.
 17099 | D:9      | Found a shimmering altar of Xom.
 17106 | D:9      | Found a shimmering altar of Xom.
 17110 | D:9      | Found a shimmering altar of Xom.
 17110 | D:9      | Found a shimmering altar of Xom.
 17110 | D:9      | Found a shimmering altar of Xom.
 17115 | D:9      | Found a shimmering altar of Xom.
 17115 | D:9      | Found a shimmering altar of Xom.
 17535 | D:10     | Entered Level 10 of the Dungeon
 17637 | D:10     | Found a shadowy altar of Dithmenos.
 17746 | D:10     | Noticed an unseen horror
 17752 | D:10     | Killed an unseen horror
 17795 | D:10     | Noticed an unseen horror
 17796 | D:10     | Killed an unseen horror
 17973 | D:10     | Found a staircase to the Orcish Mines.
 18167 | D:10     | Reached XP level 11. HP: 72/72 MP: 11/11
 18182 | D:10     | Noticed a two-headed ogre
 18197 | D:10     | Killed a two-headed ogre
 18207 | D:10     | Found a portal to a secret trove of treasure.
 18309 | D:10     | Reached skill level 13 in Stealth
 18468 | D:11     | Found Bedu's Gadget Emporium.
 18469 | D:11     | Noticed a two-headed ogre
 18476 | D:11     | Killed a two-headed ogre
 18476 | D:11     | Reached skill level 1 in Invocations
 19185 | D:11     | Got a fine pewter ring
 19189 | D:11     | Identified the ring "Nyinuhu" {MR+ Dex+4 Stlth+} (You found it on level 11 of the Dungeon)
 19333 | D:11     | Found a staircase to the Lair.
 19425 | D:11     | Learned a level 3 spell: Ignite Poison
 19730 | D:12     | Reached skill level 1 in Transmutations
 19760 | D:12     | Noticed a six-headed hydra
 19768 | D:12     | Killed a six-headed hydra
 19768 | D:12     | Reached skill level 1 in Fire Magic
 19768 | D:12     | Reached skill level 1 in Poison Magic
 19955 | D:12     | Reached ***** piety under Uskayaw
 20053 | D:12     | Noticed a green ugly thing
 20066 | D:12     | Killed a green ugly thing
 20557 | D:12     | Identified a scroll of acquirement
 20817 | D:13     | Reached XP level 12. HP: 83/83 MP: 14/14
 20888 | D:13     | Found a frozen archway.
 20890 | D:13     | Noticed an ice dragon
 20917 | D:13     | HP: 4/83 [hell rat[a deep elf mage] (12)]
 20920 | IceCv    | Entered an ice cave
 21190 | IceCv    | Reached skill level 14 in Stealth
 21247 | IceCv    | Noticed a death yak
 21266 | IceCv    | Killed a death yak
 21363 | IceCv    | Reached skill level 5 in Invocations
 21521 | IceCv    | Noticed a frost giant
 21550 | IceCv    | HP: 4/84 [something (2)]
 21575 | IceCv    | Killed a frost giant
 21918 | IceCv    | Got a fine scimitar
 22376 | D:12     | Identified the +3 scimitar of Poverty {slice, MR+ Dex+2 Stlth+} (You found it in an ice cave)
 22762 | D:13     | Reached XP level 13. HP: 90/90 MP: 17/17
 22818 | D:13     | Got a creamy pearl robe
 22847 | D:13     | Reached skill level 5 in Fighting
 23437 | D:14     | Reached skill level 5 in Transmutations
 23524 | Lair:1   | Entered Level 1 of the Lair of Beasts
 23622 | Lair:1   | Reached skill level 10 in Dodging
 26448 | Lair:2   | Noticed Nergalle
 26684 | Lair:2   | Reached skill level 15 in Stealth
 26906 | Lair:2   | Killed Nergalle
 27358 | Lair:2   | Upgraded the game from 0.22-a0-3-g4fa69d9 to 0.22-a0-21-g9421e3f
 27864 | Lair:3   | Noticed Gastronok
 27873 | Lair:3   | Killed Gastronok
 27873 | Lair:3   | Reached skill level 5 in Poison Magic
 27912 | Lair:3   | Identified the +1 robe "Radiptex" {Regen+ Int+7 Dex-3} (You found it on level 13 of the Dungeon)
 27961 | Lair:3   | Found a hole to the Spider Nest.
 28503 | Lair:4   | Got a pair of spiked gloves
 28514 | Lair:4   | Identified the +2 pair of gloves of Anaesthesia {rF- rCorr MP+9} (You found it on level 4 of the Lair of Beasts)
 28577 | Lair:4   | Found a staircase to the Shoals.
 28766 | Lair:4   | Reached skill level 5 in Fire Magic
 28873 | Lair:4   | Reached XP level 14. HP: 34/100 MP: 11/20
 29376 | Lair:5   | Found a staircase to the Slime Pits.
 29376 | Lair:5   | Found a viscous altar of Jiyva.
 30018 | Lair:5   | Got a jewelled fustibalus
 30019 | Lair:5   | Identified the cursed +1 fustibalus of Xalurida {freeze, rF+ Str+3 Dex+6 SInv} (You found it on level 5 of the Lair of Beasts)
 30891 | Lair:6   | Entered Level 6 of the Lair of Beasts
 30908 | Lair:6   | Found a labyrinth entrance.
 30917 | Lab      | Entered a labyrinth
 31589 | Lab      | Reached skill level 1 in Shields
 31845 | Lab      | Reached skill level 16 in Stealth
 31889 | Lab      | Got a warped ring mail
 33086 | Lair:6   | Learned a level 2 spell: Blink
 33090 | Lair:6   | Learned a level 3 spell: Conjure Flame
 33093 | Lair:6   | Learned a level 2 spell: Ensorcelled Hibernation
 33099 | Lair:6   | Got a heavy robe
 33320 | Orc:1    | Entered Level 1 of the Orcish Mines
 33336 | Orc:1    | Found Womyh's Assorted Antiques.
 33987 | Orc:1    | Reached skill level 1 in Spellcasting
 34242 | Orc:2    | Entered Level 2 of the Orcish Mines
 34389 | Orc:2    | Found a staircase to the Elven Halls.
 34743 | Orc:2    | Learned a level 3 spell: Confuse
 34747 | Orc:2    | Learned a level 3 spell: Tukima's Dance
 35417 | Orc:2    | Reached skill level 1 in Hexes
 35446 | Orc:2    | Found Wesirat's Jewellery Boutique.
 35446 | Orc:2    | Found Wist's Food Emporium.
 35448 | Orc:2    | Found Juud Hau's Armour Emporium.
 35448 | Orc:2    | Found Pubag's General Store.
 35512 | Orc:2    | Bought an uncursed amulet of faith for 600 gold pieces
 35514 | Orc:2    | Bought a wand of acid (10) for 392 gold pieces
 35716 | D:14     | Found a gate to the Vaults.
 35761 | D:14     | Reached skill level 1 in Conjurations
 36344 | D:14     | Noticed Frances
 36917 | D:14     | Reached XP level 15. HP: 82/108 MP: 22/22
 37436 | D:14     | Found a white marble altar of Elyvilon.
 37459 | D:14     | Killed Frances
 37714 | D:15     | Entered Level 15 of the Dungeon
 37854 | D:15     | Noticed Louise
 37864 | D:15     | Killed Louise
 37884 | D:15     | Reached skill level 5 in Hexes
 37892 | D:15     | Reached skill level 10 in Invocations
 38118 | D:15     | Found Peutwusch's Magic Scroll Boutique.
 38136 | D:15     | Bought a scroll of remove curse for 39 gold pieces
 38136 | D:15     | Bought a scroll of fear for 45 gold pieces
 38136 | D:15     | Bought a scroll of fog for 26 gold pieces
 38136 | D:15     | Bought a scroll of fog for 26 gold pieces
 38156 | D:15     | Learned a level 3 spell: Mephitic Cloud
 38411 | D:14     | Identified the +1 robe "Jienim" {rElec Regen+ rCorr Dex-5} (You found it on level 6 of the Lair of Beasts)
 38421 | D:14     | Identified the cursed +1 ring mail "Nefyun" {rC- MR+ rCorr Stlth+} (You found it in a labyrinth)
 39181 | D:15     | Reached skill level 1 in Air Magic
 39567 | D:15     | Found a staircase to the Depths.
 39574 | D:15     | Reached skill level 1 in Translocations
 39900 | Spider:1 | Entered Level 1 of the Spider Nest
 39980 | Spider:1 | Noticed a ghost moth
 40518 | Spider:1 | Killed a ghost moth
 41190 | Lair:3   | Found a hole to the Spider Nest.
 42053 | Lair:3   | Upgraded the game from 0.22-a0-21-g9421e3f to 0.22-a0-42-g002c468
 42145 | Shoals:1 | Entered Level 1 of the Shoals
 42152 | Shoals:1 | Found Kezxiwes's Assorted Antiques.
 42163 | Shoals:1 | Bought a potion of heal wounds for 135 gold pieces
 42228 | Shoals:1 | Noticed Josephine
 42255 | Shoals:1 | Killed Josephine
 42342 | Shoals:1 | Noticed CLM's ghost (adept DsFi)
 42405 | Shoals:1 | Killed CLM's ghost
 42900 | Shoals:1 | Killed from afar by a merfolk aquamancer

Vault maps used:
D:1:      minmay_arrival_up_and_down, kennysheep_boxes
D:2:      cheibriados_altar_1, overflow_temple_1_default, fiery_altar_vehumet,
          chequers_ecumenical_altar_simple_redux
D:3:      first_ration
D:4:      minmay_temple_entry_mist, gup_sewer_entry_pipe, uniq_sigmund
D:5:      lemuel_crystal_altar, serial_shops, kennysheep_mini_moat,
          evilmike_ruin_ashenzari, uniq_ijyb, uniq_duvessa, uniq_edmund
D:6:      tso_oasis_becter, basic_altar
D:7:      serial_shops, shop, the_bakery, roderic_three_in_a_row,
          corner_web_ring, uniq_prince_ribbit1
D:8:      grunt_temple_overflow_open, lemuel_coloured_pillars_altar,
          lemuel_blue_sif_altar, uniq_pikel
D:9:      lemuel_round_altar, nicolae_xom_altar_mimics,
          minmay_misc_feat_more_columns
D:10:     hiddenorc1_lemuel, enter_trove_2, kennysheep_small_spiral,
          grunt_dithmenos_smoke_and_mirrors
D:11:     lair_entry_dummy, serial_shops, shop
D:13:     portal_ice_cave_entry_animals_and_master, kennysheep_generic_room_4
D:14:     lightli_vaults_fourway_checkpoint, elyvilon_altar_5, uniq_frances
D:15:     gammafunk_enter_depths_forms, minmay_misc_feat_chi, serial_shops,
          shop, minmay_misc_feat_nine_boxes, uniq_louise
Temple:   eino_temple_lava
Lair:1:   minmay_lair_oklob_bushes, beast_lair_carwin_5
Lair:2:   infiniplex_staircase_pool_2, grunt_megastairs_1, uniq_nergalle
Lair:3:   nicolae_spider_entry_orb_guardian, uniq_gastronok
Lair:4:   minmay_shoals_entry_hut, st_stairs_6, guppyfry_lair_drakes,
          grunt_megastairs_3
Lair:5:   dragon1_lemuel, slime_altar_1, minmay_lair_oklob_chamber
Lair:6:   due_jungle_book, lab_entry_generic, zaba_antful_of_joy,
          serial_bayou_shore_b
Shoals:1: serial_shops, shop, nicolae_shoals_water_shrine, uniq_josephine
Orc:1:    nicolae_orc_accident_1, serial_shops, shop
Orc:2:    grunt_orc_tribal_feast
Lab:      labyrinth_watery, labyrinth_skeletal_remains, labyrinth_lava_lair,
          nicolae_lab_diamond, lab_fountain, labyrinth_glass_1
IceCv:    ice_cave_caverns_03

Skill      XL: |  1  2  3  4  5  6  7  8  9 10 11 12 13 14 15 |
---------------+----------------------------------------------+-----
Stealth        | 6 7 8 9 10 11 12 13 14 15 16 | 16.0
Fighting       | 2 3 4 6 7 8 |  8.2
Short Blades   | 3 4 5 6 7 |  7.7
Throwing       | 2 3 4 5 6 7 8 9 |  9.9
Dodging        | 2 3 4 5 6 8 9 10 | 10.0
Long Blades    | 4 6 8 9 |  9.1
Invocations    | 3 6 8 9 10 | 10.3
Transmutations | 2 4 6 |  6.0
Fire Magic     | 1 3 5 |  5.0
Poison Magic   | 2 3 5 |  5.0
Shields        | 4 |  4.0
Spellcasting   | 2 |  2.8
Hexes          | 3 6 |  6.3
Conjurations   | 1 3 |  3.0
Air Magic      | 2 |  2.0
Translocations | 2 |  2.0

Action                   |  1- 3 |  4- 6 |  7- 9 | 10-12 | 13-15 || total
-------------------------+-------+-------+-------+-------+-------++-------
Melee: Dagger            |    84 |   173 |   407 |   913 |  1042 ||  2619
       Bite              |     7 |    20 |    59 |   113 |   163 ||   362
       Long sword        |       |    15 |    66 |       |       ||    81
       Unarmed           |       |       |     1 |       |       ||     1
 Fire: Hunting sling     |    11 |    44 |   100 |     2 |     3 ||   160
       Blowgun           |     1 |    18 |    31 |     8 |    94 ||   152
       Fustibalus        |       |       |       |       |    69 ||    69
Throw: Throwing net      |       |     3 |       |       |     4 ||     7
       Tomahawk          |       |       |       |    11 |    61 ||    72
 Cast: Ignite Poison     |       |       |       |       |    30 ||    30
       Conjure Flame     |       |       |       |       |     2 ||     2
Invok: Stomp             |       |       |       |    11 |     7 ||    18
       Line Pass         |       |       |       |    12 |    17 ||    29
 Abil: End Transformatio |     4 |    12 |    17 |     6 |    13 ||    52
       Bat Form          |     4 |    12 |    17 |     6 |    13 ||    52
Evoke: Wand              |       |       |     6 |     1 |     2 ||     9
  Use: Potion            |     2 |    12 |    25 |    25 |    54 ||   118
       Scroll            |     1 |     7 |     4 |    25 |    20 ||    57
 Stab: Sleeping          |     8 |    11 |    10 |    35 |    55 ||   119
       Distracted        |     1 |       |     2 |     3 |     4 ||    10
       Paralysed         |       |       |       |    35 |    55 ||    90
       Confused          |       |       |       |     5 |    13 ||    18
       Fleeing           |       |       |       |     1 |       ||     1
       Held in net/web   |       |       |       |       |     5 ||     5
Armor: Robe              |    12 |    23 |       |       |       ||    35
       Leather armour    |       |    27 |    57 |    25 |       ||   109
       Skin              |       |       |   105 |       |       ||   105
       Ring mail         |       |       |       |    43 |    33 ||    76
       Troll leather arm |       |       |       |    16 |       ||    16
       Acid dragon scale |       |       |       |    85 |   106 ||   191
Dodge: Dodged            |    49 |   164 |   275 |   616 |   625 ||  1729
Block: Buckler           |       |       |       |       |    67 ||    67
       Rpst.: Long sword |       |     4 |    16 |       |       ||    20

Table legend:
 A = Spawn XP
 B = Non-spawn XP
 C = Spawn XP percentage of total XP
 D = Spawn monster count
 E = Non-spawn monster count
 F = Spawn count percentage of total count
 G = Total turns spent on level
                    A         B        C        D         E        F      G
               +---------+---------+-------+---------+---------+-------+---------
         Total |       0 |  133290 |   0.0 |       0 |     709 |   0.0 | 42900
               +---------+---------+-------+---------+---------+-------+---------
           D:1 |       0 |      62 |   0.0 |       0 |      22 |   0.0 |  2248
           D:2 |       0 |     104 |   0.0 |       0 |      25 |   0.0 |  2030
           D:3 |       0 |     149 |   0.0 |       0 |      17 |   0.0 |  1476
           D:4 |       0 |     647 |   0.0 |       0 |      33 |   0.0 |  2149
           D:5 |       0 |    1340 |   0.0 |       0 |      28 |   0.0 |  3560
           D:6 |       0 |    1814 |   0.0 |       0 |      29 |   0.0 |  2615
           D:7 |       0 |    1532 |   0.0 |       0 |      33 |   0.0 |  1354
           D:8 |       0 |    1178 |   0.0 |       0 |      21 |   0.0 |   978
           D:9 |       0 |    2091 |   0.0 |       0 |      29 |   0.0 |  1021
          D:10 |       0 |    3791 |   0.0 |       0 |      33 |   0.0 |   986
          D:11 |       0 |    2769 |   0.0 |       0 |      29 |   0.0 |  1195
          D:12 |       0 |    6288 |   0.0 |       0 |      41 |   0.0 |  1658
          D:13 |       0 |   11055 |   0.0 |       0 |      49 |   0.0 |  1472
          D:14 |       0 |   13881 |   0.0 |       0 |      36 |   0.0 |  2140
          D:15 |       0 |   11243 |   0.0 |       0 |      24 |   0.0 |  1836
        Lair:1 |       0 |    2505 |   0.0 |       0 |      13 |   0.0 |  2850
        Lair:2 |       0 |    4435 |   0.0 |       0 |      20 |   0.0 |  1119
        Lair:3 |       0 |    8002 |   0.0 |       0 |      25 |   0.0 |  3281
        Lair:4 |       0 |    7666 |   0.0 |       0 |      22 |   0.0 |  1003
        Lair:5 |       0 |   11116 |   0.0 |       0 |      29 |   0.0 |  1535
        Lair:6 |       0 |    3828 |   0.0 |       0 |      13 |   0.0 |   736
      Shoals:1 |       0 |    9959 |   0.0 |       0 |      18 |   0.0 |   755
      Spider:1 |       0 |    3736 |   0.0 |       0 |       7 |   0.0 |   108
         Orc:1 |       0 |    3108 |   0.0 |       0 |      25 |   0.0 |   965
         Orc:2 |       0 |    8931 |   0.0 |       0 |      42 |   0.0 |  1117
           Lab |       0 |    1761 |   0.0 |       0 |       7 |   0.0 |  1565
         IceCv |       0 |   10299 |   0.0 |       0 |      39 |   0.0 |  1044
               +---------+---------+-------+---------+---------+-------+---------
